 Dungeon Crawl Stone Soup version 0.21-a0-591-g2314aa1 (webtiles) character file.

346 mopl the Stinger (level 6, -36/49 HPs)
             Began as a Naga Venom Mage on Dec 22, 2017.
             Killed from afar by a starcursed mass (46 damage)
             ... with an exploding inner flame
             ... hexed by the player character
             ... on level 1 of the Abyss.
             The game lasted 00:04:31 (2060 turns).

mopl the Stinger (Naga Venom Mage)                  Turns: 2060, Time: 00:04:32

Health: -36/49     AC:  8    Str: 10    XL:     6   Next: 59%
Magic:  9/11       EV: 10    Int: 16    God:
Gold:   158        SH:  0    Dex: 17    Spells: 6/12 levels left

rFire    . . .     SeeInvis +   j - +0 short sword
rCold    . . .     Gourm    .   (no shield)
rNeg     . . .     Faith    .   a - +1 robe
rPois    +         Spirit   .   (no helmet)
rElec    .         Reflect  .   (no cloak)
rCorr    .         Harm     .   (no gloves)
MR       .....                  (no barding)
Stlth    ++........             (no amulet)
HPRegen  0.16/turn              h - +4 ring of dexterity
MPRegen  0.12/turn              l - +4 ring of protection

@: about to teleport, very slow
A: large, see invisible, deformed body, poison resistance, slowness 2, slow
metabolism 1, spit poison 1, AC +2
a: Spit Poison


You were on level 1 of the Abyss.
You were not hungry.

You visited 1 branch of the dungeon, and saw 3 of its levels.
You visited the Abyss 1 time.

You collected 158 gold pieces.

Inventory:

Hand Weapons
 j - a +0 short sword (weapon)
Missiles
 r - 10 poisoned needles
Armour
 a - a +1 robe (worn)
Jewellery
 h - a +4 ring of dexterity (left hand)
 l - a +4 ring of protection (right hand)
 o - an uncursed ring of protection from cold
Wands
 f - a wand of acid (4)
 s - a wand of iceblast (3)
Scrolls
 e - a scroll of enchant armour
 g - 2 scrolls of remove curse
 k - a scroll of identify
Potions
 d - a potion of heal wounds
 m - 2 potions of might {unknown}
 p - a potion of agility {unknown}
 q - a potion of curing {unknown}
Books
 b - a Young Poisoner's Handbook

   Spells                             Type                      Level
   a - Sting                          Conjuration/Poison           1
   b - Poisonous Vapours              Poison/Air                   2
   c - Mephitic Cloud                 Conjuration/Poison/Air       3
   d - Olgreb's Toxic Radiance        Poison                       4
   e - Venom Bolt                     Conjuration/Poison           5
Comestibles
 c - 3 rations


   Skills:
 - Level 1.5 Dodging
 - Level 3.0 Stealth
 + Level 3.5 Spellcasting
 + Level 3.2 Conjurations
 + Level 2.8 Air Magic
 + Level 5.8 Poison Magic


You had 6 spell levels left.
You knew the following spells:

 Your Spells              Type           Power        Failure   Level  Hunger
a - Sting                 Conj/Pois      ###.         2%          1    None
b - Poisonous Vapours     Pois/Air       ###...       4%          2    ##.....
c - Mephitic Cloud        Conj/Pois/Air  ###.....     11%         3    ###....


Dungeon Overview and Level Annotations

Branches:
Dungeon (3/15)

Altars:
Trog


Innate Abilities, Weirdness & Mutations

You cannot wear boots.
Your serpentine skin is tough. (AC +2)
You have supernaturally acute eyesight. (SInv)
Armour fits poorly on your strangely shaped body.
Your system is resistant to poisons. (rPois)
You cover ground very slowly.
You have a slow metabolism.
You can spit poison.


Message History

The starcursed mass explodes!
The fiery explosion engulfs the starcursed mass.
The starcursed mass explodes!
Your Poison Magic skill increases to level 5!
You have reached level 5!
Your Spellcasting skill increases to level 3!
Your Air Magic skill increases to level 2!
Your Conjurations skill increases to level 3!
You have reached level 6!
Your experience leads to an increase in your attributes!
Your base attributes are Str 10, Int 16, Dex 12.
Increase (S)trength, (I)ntelligence, or (D)exterity?
You feel agile.
Your skin feels tougher.
The fiery explosion engulfs the starcursed mass.
The starcursed mass explodes!
The fiery explosion engulfs you!
* * * LOW HITPOINT WARNING * * *
The fiery explosion engulfs you!
Ouch! That really hurt!
You die...

#..
.......###.#
..##.§§§..#
...#
....§§...#
#. .## .#.
##§###
##.###
#§##.. ....#
#§## ##. #
#§##.##.##
#§##. . ..#
#@#. ..###
#.#. #.#
#.#.. ###..
## #..# .#
#.## ##


There were no monsters in sight!

Vanquished Creatures
  5 starcursed masses (Abyss:1)
  Jessica (D:2)
  2 adders (D:2)
  A worm (D:2)
  2 dart slugs
  A leopard gecko (D:1)
  5 bats (D:1)
  2 giant cockroaches
  3 goblins
  4 hobgoblins
  6 kobolds
  A quokka (D:2)
  A ball python (D:1)
  3 frilled lizards
  2 rats (D:2)
39 creatures vanquished.

Notes
Turn   | Place    | Note
-------+----------+-------------------------------------------
     0 | D:1      | mopl the Naga Venom Mage began the quest for the Orb.
     0 | D:1      | Reached XP level 1. HP: 15/15 MP: 3/3
   674 | D:1      | Reached XP level 2. HP: 22/22 MP: 5/5
   681 | D:1      | Learned a level 2 spell: Poisonous Vapours
  1090 | D:2      | Reached XP level 3. HP: 28/28 MP: 3/6
  1095 | D:2      | Learned a level 3 spell: Mephitic Cloud
  1166 | D:2      | Noticed Jessica
  1169 | D:2      | Killed Jessica
  1169 | D:2      | Reached skill level 2 in Conjurations
  1169 | D:2      | Reached skill level 1 in Air Magic
  1175 | D:2      | Reached XP level 4. HP: 30/36 MP: 3/7
  1184 | D:2      | Found a bloodstained altar of Trog.
  1973 | D:3      | Cast into level 1 of the Abyss (a distortion unwield)
  1981 | Abyss:1  | Noticed a small abomination
  1996 | Abyss:1  | Noticed a small abomination
  2046 | Abyss:1  | Noticed a starcursed mass
  2046 | Abyss:1  | Noticed a large abomination
  2060 | Abyss:1  | Killed a starcursed mass
  2060 | Abyss:1  | Killed a starcursed mass
  2060 | Abyss:1  | Killed a starcursed mass
  2060 | Abyss:1  | Killed a starcursed mass
  2060 | Abyss:1  | Killed a starcursed mass
  2060 | Abyss:1  | Reached skill level 5 in Poison Magic
  2060 | Abyss:1  | Reached XP level 5. HP: 15/42 MP: 9/9
  2060 | Abyss:1  | Reached skill level 3 in Spellcasting
  2060 | Abyss:1  | Reached skill level 2 in Air Magic
  2060 | Abyss:1  | Reached skill level 3 in Conjurations
  2060 | Abyss:1  | Reached XP level 6. HP: 18/49 MP: 9/11
  2060 | Abyss:1  | Killed a starcursed mass
  2060 | Abyss:1  | Killed from afar by a starcursed mass

Vault maps used:
D:1:      giann_wishing_wells, minmay_misc_feat_x
D:2:      marbit_many_paths, uniq_jessica
D:3:      first_ration, dk_yredelemnul_ordeal
Abyss:1:  hangedman_shadowy_showcase

Skill      XL: |  1  2  3  4  5 |
---------------+----------------+-----
Conjurations   | 2 3 |  3.2
Air Magic      | 1 2 |  2.8
Poison Magic   | 5 |  5.8
Spellcasting   | 3 |  3.5
Dodging        | |  1.5
Stealth        | |  3.0

Action                   |  1- 3 |  4- 6 || total
-------------------------+-------+-------++-------
Melee: Short sword       |    31 |    14 ||    45
 Cast: Sting             |    12 |       ||    12
       Poisonous Vapours |    10 |     4 ||    14
 Abil: Spit Poison       |     7 |     1 ||     8
  Use: Scroll            |       |     6 ||     6
 Stab: Sleeping          |     6 |     3 ||     9
  Eat: Chunk             |     2 |     1 ||     3
       Ration            |       |     1 ||     1
Armor: Robe              |    14 |     4 ||    18
Dodge: Dodged            |    22 |    10 ||    32

Table legend:
 A = Spawn XP
 B = Non-spawn XP
 C = Spawn XP percentage of total XP
 D = Spawn monster count
 E = Non-spawn monster count
 F = Spawn count percentage of total count
 G = Total turns spent on level
                    A         B        C        D         E        F      G
               +---------+---------+-------+---------+---------+-------+---------
         Total |       0 |     495 |   0.0 |       0 |      39 |   0.0 |  2060
               +---------+---------+-------+---------+---------+-------+---------
           D:1 |       0 |      31 |   0.0 |       0 |      18 |   0.0 |  1084
           D:2 |       0 |      90 |   0.0 |       0 |      16 |   0.0 |   888
       Abyss:1 |       0 |     374 |   0.0 |       0 |       5 |   0.0 |    87
               +---------+---------+-------+---------+---------+-------+---------
